 Dungeon Crawl Stone Soup version 0.18.1-8-gdd0e5ea (webtiles) character file.

346 Romlok the Shield-Bearer (level 6, 0/36 HPs)
             Began as a Tengu Enchanter on May 21, 2016.
             Slain by an iguana (9 damage)
             ... on level 4 of the Dungeon.
             The game lasted 00:25:51 (4628 turns).

Romlok the Shield-Bearer (Tengu Enchanter)          Turns: 4628, Time: 00:25:52

Health: 0/36       AC:  3    Str: 10    XL:     6   Next: 59%
Magic:  10/10      EV: 12    Int: 15    God:
Gold:   149        SH:  5    Dex: 15    Spells: 1 memorised, 8 levels left

rFire  . . .     SeeInvis +     e - +1 whip (freeze)
rCold  . . .     Gourm    .     b - +1 robe
rNeg   . . .     Faith    .     n - +0 buckler
rPois  .         Spirit   .     (helmet restricted)
rElec  .         Dismiss  .     (no cloak)
rCorr  .         Reflect  .     (no gloves)
SustAt .         Harm     .     (boots unavailable)
MR     .....                    (no amulet)
Stlth  ++........               (no ring)
                                g - ring of see invisible

@: not resistant to hostile enchantments, unstealthy
A: beak, talons 3, able to fly 1
a: Fly


You were on level 4 of the Dungeon.
You were not hungry.

You visited 1 branch of the dungeon, and saw 4 of its levels.

You collected 149 gold pieces.

Inventory:

Hand Weapons
 a - a +1 dagger
 e - a +1 whip of freezing (weapon)
Missiles
 i - 158 stones (quivered)
 k - 12 poisoned needles
Armour
 b - a +1 robe (worn)
 n - a +0 buckler (worn)
 r - a +0 leather armour
Jewellery
 g - a ring of see invisible (left hand)
Wands
 o - a wand of flame (10/48)
Scrolls
 j - 3 scrolls of identify
 m - a scroll of enchant weapon
 p - 2 scrolls of enchant armour
 t - a scroll of recharging {unknown}
Potions
 u - a potion of brilliance
Books
 c - a book of Maledictions

   Spells                             Type                      Level
   a - Corona                         Hexes                        1
   b - Ensorcelled Hibernation        Hexes/Ice                    2
   c - Confuse                        Hexes                        3
   d - Tukima's Dance                 Hexes                        3
   e - Dazzling Spray                 Conjuration/Hexes            3
Comestibles
 d - 5 bread rations
 f - 2 meat rations
 h - a slice of pizza
 l - 2 beef jerkies
 q - 2 chunks of flesh


   Skills:
 + Level 2.8 Fighting
 - Level 1.1 Short Blades
 * Level 4.0 Maces & Flails
 - Level 2.1 Dodging
 - Level 3.0 Stealth
 - Level 4.0 Shields
 - Level 2.0 Spellcasting
 - Level 2.1 Hexes


You had 8 spell levels left.
You knew the following spells:

 Your Spells              Type           Power        Failure   Level  Hunger
a - Corona                Hex            #......      12%         1    #......


Dungeon Overview and Level Annotations

Branches:
Dungeon (4/15)
 Temple: D:4-7

Altars:
Qazlal
Vehumet

Annotations:
D:3 Kenran's ghost, amateur GrFi
D:4 exclusion: door


Innate Abilities, Weirdness & Mutations

You have a beak for a mouth.
You have claws for feet.
You can fly.


Message History

The howler monkey is severely wounded.
The howler monkey closely misses you. You block the howler monkey's attack.
You block the orc's attack.
You hit the howler monkey. You freeze the howler monkey.
You kill the howler monkey!
Your Maces & Flails skill increases to level 4!
Your Shields skill increases to level 4!
You feel your intelligence returning.
Unknown command.
An iguana comes into view.
The iguana hisses angrily.
A hound comes into view.
The iguana bites you.
Read which item? (? for menu, Esc to quit)
As you read the scroll labeled QOPHUEH XOKLIO, it crumbles to dust.
You feel blessed for a moment.
It was a scroll of remove curse.
You block the hound's attack. The orc hits you with a mace.
* * * LOW HITPOINT WARNING * * *
The iguana bites you!
You die...

.........'....'....>#
##o#######....#####.# #.# #....#
#.#
#.################.#############
#............o.o................
##.################o############.
...# #.........# #.# #. ...#
#.........####.# #. ..##
#.........l@oo.# #. .##
#...<.....h##### #. .#
#.#####....# #. .# ###≈##..##.#
#. .# #⌠_.'..###)# #. .# #⌠_.'..#
#.# ###########. .# ###≈#### #.#
#........... .# ### #.#
#.########## .# #.# #.#


You could see an iguana, a hound and 2 orcs.

Vanquished Creatures
  A scorpion (D:4)
  2 howler monkeys (D:4)
  A hound (D:4)
  A giant frog skeleton (D:4)
  An iguana (D:4)
  A worker ant (D:4)
  6 adders
  2 worms (D:3)
  4 giant geckos
  2 orcs (D:4)
  8 giant cockroaches
  8 goblins
  3 hobgoblins
  3 jackals (D:3)
  A quokka (D:2)
  7 bats
  4 giant newts
  4 kobolds
  3 rats
62 creatures vanquished.

Notes
Turn   | Place    | Note
--------------------------------------------------------------
     0 | D:1      | Romlok the Tengu Enchanter began the quest for the Orb.
     0 | D:1      | Reached XP level 1. HP: 10/10 MP: 4/4
   160 | D:1      | Reached skill level 1 in Maces & Flails
   184 | D:1      | Reached skill level 1 in Fighting
   184 | D:1      | Reached XP level 2. HP: 16/16 MP: 6/6
   862 | D:2      | Reached XP level 3. HP: 20/20 MP: 7/7
  1644 | D:3      | Reached skill level 1 in Shields
  1741 | D:3      | Noticed Kenran's ghost (amateur GrFi)
  2492 | D:3      | Reached XP level 4. HP: 25/25 MP: 6/8
  3411 | D:4      | Gained mutation: You can fly. [Tengu growth]
  3411 | D:4      | Reached XP level 5. HP: 19/30 MP: 9/9
  3819 | D:4      | Found a stormy altar of Qazlal.
  3819 | D:4      | Found a radiant altar of Vehumet.
  3861 | D:4      | Reached XP level 6. HP: 18/36 MP: 10/10
  4563 | D:4      | Paralysed by an orc for 7 turns
  4628 | D:4      | Slain by an iguana

Skill      XL: |  1  2  3  4  5  6 |
---------------+-------------------+-----
Maces & Flails | 1 2 3 4 |  4.0
Fighting       | 1 2 |  2.8
Shields        | 1 2 3 4 |  4.0
Short Blades   | |  1.1
Dodging        | |  2.1
Stealth        | |  3.0
Spellcasting   | |  2.0
Hexes          | |  2.1

Action                   |  1- 3 |  4- 6 || total
-------------------------+-------+-------++-------
Melee: Dagger            |    71 |       ||    71
       Kick              |    20 |    26 ||    46
       Peck              |    10 |    20 ||    30
       Whip              |    36 |   120 ||   156
Throw: Stone             |     7 |     9 ||    16
 Cast: Corona            |     4 |    18 ||    22
  Use: Potion            |     5 |     4 ||     9
       Scroll            |     5 |     2 ||     7
 Stab: Sleeping          |     9 |     3 ||    12
  Eat: Chunk             |     4 |     8 ||    12
Armor: Robe              |    23 |    13 ||    36
Dodge: Dodged            |    45 |    60 ||   105
Block: Buckler           |     2 |    21 ||    23
